 Dungeon Crawl Stone Soup version 0.27-a0-604-g29a88b33a7 (webtiles) character file.

Game seed: 2848648413455710799

404 spiderkeys the Grave Robber (level 6, -1/32 HPs)
             Began as a Vampire Necromancer on Mar 12, 2021.
             Slain by Duvessa
             ... wielding a +0 rapier
              (12 damage)
             ... on level 4 of the Dungeon.
             The game lasted 00:11:53 (5147 turns).

spiderkeys the Grave Robber (Vampire Necromancer)   Turns: 5147, Time: 00:11:55

Health: -1/32      AC:  6    Str:  7    XL:     6   Next: 56%
Magic:  1/9        EV: 13    Int: 19    God:
Gold:   179        SH:  0    Dex: 15    Spells: 4/9 levels left

rFire    + . .     SeeInvis +   p - +0 dagger (venom)
rCold    + + +     Faith    .   (no shield)
rNeg     + + +     Spirit   .   a - +0 robe
rPois    ∞         Reflect  .   (no helmet)
rElec    .         Harm     .   q - scarf {rC+ rF+}
rCorr    .         Rampage  .   (no gloves)
Will     .....                  (no boots)
Stlth    +++++.....             (no amulet)
HPRegen  0.00/turn              f - +4 ring of protection
MPRegen  0.11/turn              (no ring)

@: bloodless
A: fangs 3, see invisible, unbreathing 1, vampiric 2
a: Bat Form, Revivify


You were on level 4 of the Dungeon.
You visited 1 branch of the dungeon, and saw 4 of its levels.

You collected 179 gold pieces.

Inventory:

Hand Weapons
 p - a +0 dagger of venom (weapon)
Armour
 a - a +0 robe (worn)
 q - a scarf of resistance (worn)
Jewellery
 d - a ring of flight
 f - a +4 ring of protection (right hand)
Wands
 j - a wand of paralysis (10)
Scrolls
 b - 2 scrolls of teleportation {unknown}
 c - 2 scrolls of amnesia
 e - 2 scrolls of enchant armour
 m - a scroll of blinking {unknown}
 n - 2 scrolls of identify
Potions
 g - 2 potions of lignification
 h - a potion of attraction
 i - a potion of might
 k - a potion of magic
 l - a potion of invisibility {unknown}
 o - a potion of haste {unknown}


   Skills:
 + Level 3.0 Short Blades
 + Level 4.0 Dodging
 + Level 5.5 Stealth
 - Level 2.0 Spellcasting
 * Level 6.4 Necromancy


You had 4 spell levels left.
You knew the following spells:

 Your Spells              Type           Power      Damage    Failure   Level
a - Pain                  Necr           100%       1d9       1%          1
b - Animate Skeleton      Necr           52%        N/A       1%          1
c - Vampiric Draining     Necr           13%        2d7       3%          3

Your spell library contained the following spells:

 Spells                   Type           Power      Damage    Failure   Level
 Animate Dead             Necr           13%        N/A       12%         4
 Agony                    Necr           26%        N/A       32%         5


Dungeon Overview and Level Annotations

Branches:
Dungeon (4/15)
 Temple: D:4-7

Altars:
Sif Muna
Trog
Beogh

Annotations:
D:4 Duvessa


Innate Abilities, Weirdness & Mutations

You do not regenerate when monsters are visible.
You are frail without blood (-20% HP).
You can heal yourself when you bite living creatures.
You are immune to poison.
You have razor-sharp teeth.
You have supernaturally acute eyesight. (SInv)
You can survive without breathing.
You are afflicted with vampirism and can become a bat while bloodless.


Message History

The gnoll writhes in agony!
The gnoll hits you but does no damage.
The gnoll writhes in agony.
You kill the gnoll!
You start resting.
Your iguana skeleton crumbles into dust!
Magic restored.
You see here a +0 spear.
Found a scale mail.
Found a stone staircase leading up and a stone staircase leading down.
You see here a +0 scale mail.
The helpless Dowan fails to defend himself.
You bite Dowan, and draw his blood! You impale Dowan!!
You kill Dowan!
Duvessa screams, "No!
How DARE you!"
Duvessa goes berserk!
Your Short Blades skill increases to level 3!
Your Dodging skill increases to level 4!
Casting: Pain (safe; 1% risk of failure)
Confirm with . or Enter, or press ? or * to list all spells.
You attempt to give life to the dead...
Before your eyes, flesh is ripped from the corpse!
The dead are walking!
Duvessa hits you but does no damage. Duvessa misses you.
Duvessa writhes in agony.
Duvessa hits you with a +0 rapier!
Casting: Pain (safe; 1% risk of failure)
Confirm with . or Enter, or press ? or * to list all spells.
Aiming: Vampiric Draining (dangerous; 3% risk of failure)
Press: ? - help, Shift-Dir - straight line, f/p - Duvessa
Aim: Duvessa, wielding a +0 rapier and wearing a +0 chain mail (lightly wounded, berserk, ally target)
You draw life force from Duvessa!
You feel life coursing into your body. Duvessa hits you with a +0 rapier!
Ouch! That really hurt!
Dowan hits Duvessa with a +0 dagger.
Casting: Vampiric Draining (dangerous; 3% risk of failure)
Confirm with . or Enter, or press ? or * to list all spells.
Aiming: Vampiric Draining (dangerous; 3% risk of failure)
Press: ? - help, Shift-Dir - straight line, f/p - Duvessa
Aim: Duvessa, wielding a +0 rapier and wearing a +0 chain mail (moderately wounded, berserk, ally target)
You draw life force from Duvessa.
You feel life coursing into your body. Duvessa hits you with a +0 rapier!
You die...

#.# #......# ####.#
#......# #....#
#........
##+#.#########.......
#....#...#...........
#...##.#.#............
#...##.#.#.#...........
##.....#...Z.#..........
#...).#.[@e.#
#.......#..<#
..''.......#..>...#
..##.........#.##+# ..
#.....#.#.#... .
#.....#...##...
#.....#.#.# ....
#.....#.#.. ....
#.....#.# # #.....#


You could see Duvessa (berserk, ally target) and the friendly Dowan the elf
skeleton.

Vanquished Creatures
  The ghost of tinescath the Bolt Thrower, an amateur OpHu (D:3)
  Dowan (D:4)
  An iguana (D:4)
  A worker ant (D:4)
  8 gnolls
  4 adders
  3 dart slugs
  3 leopard geckos
  18 orcs
  3 ball pythons
  A giant cockroach (D:3)
  9 goblins
  9 hobgoblins
  2 jackals (D:2)
  6 kobolds
  A quokka (D:3)
  9 bats
  6 frilled lizards
  A quokka skeleton (D:4)
  10 rats
97 creatures vanquished.

Vanquished Creatures (collateral kills)
  A worm (D:2)
1 creature vanquished.

Vanquished Creatures (others)
  17 plants (D:2)
17 creatures vanquished.

Grand Total: 115 creatures vanquished

Notes
Turn   | Place    | Note
-------+----------+-------------------------------------------
     0 | D:1      | spiderkeys the Vampire Necromancer began the quest for the
                  | Orb.
     0 | D:1      | Reached XP level 1. HP: 13/13 MP: 3/3
   304 | D:1      | Learned a level 1 spell: Animate Skeleton
   447 | D:1      | Reached XP level 2. HP: 16/19 MP: 0/5
   782 | D:1      | Reached skill level 1 in Short Blades
   782 | D:1      | Gained mutation: You are afflicted with vampirism and can
                  | become a bat while bloodless. [Vampire growth]
   782 | D:1      | Reached XP level 3. HP: 19/19 MP: 3/6
  1487 | D:2      | Reached skill level 5 in Necromancy
  1673 | D:2      | Reached XP level 4. HP: 6/24 MP: 1/7
  1938 | D:2      | Found a shimmering blue altar of Sif Muna.
  2647 | D:2      | Learned a level 3 spell: Vampiric Draining
  3427 | D:3      | Reached XP level 5. HP: 28/28 MP: 5/8
  3457 | D:3      | Found a runed translucent gate.
  3472 | D:3      | Found a runed translucent gate.
  3472 | D:3      | Found a runed translucent gate.
  3481 | D:3      | Noticed tinescath's ghost (amateur OpHu)
  4042 | D:3      | Killed tinescath's ghost
  4270 | D:4      | Reached skill level 5 in Stealth
  4270 | D:4      | Reached skill level 6 in Necromancy
  4286 | D:4      | Reached XP level 6. HP: 16/32 MP: 0/9
  4462 | D:4      | Found a bloodstained altar of Trog.
  5044 | D:4      | Noticed Duvessa
  5044 | D:4      | Noticed Dowan
  5143 | D:4      | Killed Dowan
  5147 | D:4      | Slain by Duvessa

Illustrated notes

Levels and vault maps discovered:
D:1:      tarquinn_simple_flora_water_d, layout_basic
D:2:      layout_rooms, nicolae_overflow_crystal_walls, serial_bayou,
          serial_bayou_shore_b, serial_bayou_ford_a, serial_bayou_shore_b,
          serial_bayou_shore_a, grunt_ministairs_2
D:3:      layout_basic, biasface_ghost_orc_armoury
D:4:      layout_basic, old_standard_altar, minmay_temple_entry_glass,
          uniq_duvessa, uniq_eustachio

Skill      XL: |  1  2  3  4  5  6 |
---------------+-------------------+-----
Short Blades   | 1 2 3 |  3.0
Necromancy     | 5 6 |  6.4
Dodging        | 3 4 |  4.0
Stealth        | 4 5 |  5.5
Spellcasting   | |  2.0

Action                   |  1- 3 |  4- 6 || total
-------------------------+-------+-------++-------
Melee: Short sword       |    20 |     8 ||    28
       Bite              |     2 |     3 ||     5
       Dagger            |       |    47 ||    47
 Cast: Pain              |    49 |    85 ||   134
       Animate Skeleton  |     6 |     7 ||    13
       Vampiric Draining |       |    10 ||    10
 Abil: Exsanguinate      |     1 |       ||     1
Evoke: Wand              |       |     2 ||     2
  Use: Scroll            |       |     6 ||     6
 Stab: Sleeping          |     9 |    12 ||    21
       Paralysed         |       |     2 ||     2
Armor: Robe              |     3 |    22 ||    25
Dodge: Dodged            |    18 |    53 ||    71

Table legend: (Time is in decaauts)
 A = Elapsed time spent in this place.
 B = Non-inter-level travel time spent in this place.
 C = Inter-level travel time spent in this place.
 D = Time resting spent in this place.
 E = Time spent auto-exploring this place.
 F = Levels seen in this place.
 G = Mean time per level.
                   A        B        C        D        E       F      G
               +--------+--------+--------+--------+--------+-----+--------+
         Total |   5174 |   5030 |    144 |    708 |   3411 |   4 | 1293.5 |
       Dungeon |   5174 |   5030 |    144 |    708 |   3411 |   4 | 1293.5 |
               +--------+--------+--------+--------+--------+-----+--------+

Top non-repeatable levels by time:
     D:2: 1640 daAuts
     D:3: 1590 daAuts
     D:1: 1303 daAuts
     D:4: 640 daAuts
